 Dungeon Crawl Stone Soup version 0.30.1-4-g462c640d31 (webtiles) character file.

Game seed: 11854599531603548189

165 safid the Chiller (level 5, -6/41 HPs)
             Began as a Merfolk Ice Elementalist on Sept 15, 2023.
             Killed from afar by Dowan (7 damage)
             ... with a puff of flame
             ... on level 4 of the Dungeon.
             The game lasted 00:02:44 (3101 turns).

safid the Chiller (Merfolk Ice Elementalist)        Turns: 3101, Time: 00:02:45

Health: -6/41      AC:  3    Str:  9    XL:     5   Next: 46%
Magic:  6/9        EV: 12    Int: 16    God:
Gold:   176        SH:  5    Dex: 14    Spells: 3/10 levels left

rFire   . . .        c - +0 dagger (venom)
rCold   . . .        (no shield)
rNeg    . . .        a - +0 robe
rPois   .            h - +0 helmet
rElec   .            (no cloak)
rCorr   .            (no gloves)
SInv    .            (no boots)
Will    .....        p - amulet of reflection
Stlth   ++           (no ring)
HPRegen 0.26/turn    (no ring)
MPRegen 0.11/turn

%: reflection
@: freezing walls
A: (nimble swimmer 2), mertail
a: no special abilities


You were on level 4 of the Dungeon.
You visited 1 branch of the dungeon, and saw 4 of its levels.

You collected 176 gold pieces.

Inventory:

Hand Weapons
 c - a +0 dagger of venom (weapon)
 e - a +2 dagger of speed
Armour
 a - a +0 robe (worn)
 h - a +0 helmet (worn)
Jewellery
 p - an amulet of reflection (around neck)
Wands
 q - a wand of flame (20)
Scrolls
 d - 4 scrolls of teleportation {unknown}
 f - 3 scrolls of enchant weapon {unknown}
 g - 2 scrolls of identify {unknown}
 i - 2 scrolls of vulnerability {unknown}
 j - a scroll of poison {unknown}
 k - a scroll of silence {unknown}
 o - a scroll of amnesia {unknown}
Potions
 b - a potion of magic
 l - 2 potions of haste {unknown}
 m - a potion of berserk rage {unknown}
 n - a potion of lignification {unknown}


   Skills:
 + Level 3.0 Fighting
 - Level 2.6 Dodging
 - Level 2.1 Stealth
 + Level 3.3 Spellcasting
 + Level 5.5 Ice Magic


You had 3 spell levels left.
You knew the following spells:

 Your Spells              Type           Power      Damage    Failure   Level
a - Freeze                Ice            80%        1d9       1%          1
b - Frozen Ramparts       Ice            40%        1d7       6%          3
c - Ozocubu's Armour      Ice            20%        N/A       6%          3

Your spell library contained the following spells:

 Spells                   Type           Power      Damage    Failure   Level
 Sandblast                Erth           4%         2d4       19%         1
 Passwall                 Tmut/Erth      1%         N/A       28%         2
 Dazzling Flash           Conj/Hex       4%         N/A       50%         3
 Stone Arrow              Conj/Erth      4%         3d7       50%         3
 Volatile Blastmotes      Fire/Tloc      4%         2d10      50%         3
 Summon Ice Beast         Ice/Summ       11%        N/A       52%         4
 Iskenderun's Mystic Bla  Conj/Tloc      2%         2d3       88%         4
 Starburst                Conj/Fire      1%         6d3       100%        6


Dungeon Overview and Level Annotations

Branches:
Dungeon (4/15)
 Temple: D:4-7

Altars:
Dithmenos
Gozag
Okawaru
The Shining One

Annotations:
D:4 Dowan, Duvessa


Innate Abilities, Weirdness & Mutations

((You are very nimble when in or above water. (Stealth+, EV+, Speed+++)))
Your lower body shifts to a powerful aquatic tail in water.


Message History

Dowan says, "Magic and the sword, together, will defeat you."
You barely miss the ball python.
The ball python is moderately wounded.
The ball python closely misses you. The ball python constricts you.
Duvessa closely misses you. The ball python barely misses you.
The ball python constricts you.
Dowan casts a spell at Duvessa.
Duvessa seems to speed up.
Casting: Freeze (safe; 1% risk of failure)
Confirm with . or Enter, or press ? or * to list all spells.
Casting: Frozen Ramparts (dangerous; 6% risk of failure)
Press: ? - help, Dir - look around, f - activate The walls around you are covered in ice.
The wall freezes Duvessa but does no damage.
Duvessa barely misses you.
The wall freezes the ball python.
You kill the ball python!
Unknown command.
You miss Dowan.
The wall freezes Duvessa.
Duvessa hits you with a +0 short sword!
The wall freezes Duvessa but does no damage.
Duvessa hits you with a +0 short sword!
The wall freezes Dowan but does no damage.
Dowan casts a spell at you. The puff of frost hits you.
* * * LOW HITPOINT WARNING * * *
You closely miss Dowan.
The wall freezes Duvessa but does no damage.
You block Duvessa's attack.
The wall freezes Dowan.
Dowan hits you with a +0 dagger.
* * * LOW HITPOINT WARNING * * *
Unknown command.
You barely miss Dowan.
Dowan is lightly wounded.
The wall freezes Duvessa.
Duvessa hits you with a +0 short sword!
* * * LOW HITPOINT WARNING * * *
The wall freezes Duvessa but does no damage.
Duvessa closely misses you.
The wall freezes Dowan.
Dowan gestures at you while chanting. The puff of flame hits you!
You die...

##.#### ##.##.# ##.....#
### ##..#...# ###..#
#..##...# .#....
##..#....#### #......
#..##.......## .......
..###....##..####e......
.###....####..##@e..!...
## #..### ##..........#
# ### #.........##
#.......### #......##
#.)..$... #.........
##......##. #.....##


You could see Duvessa (fast) and Dowan.

Vanquished Creatures
  A jelly (D:4)
  2 orc wizards (D:3)
  2 adders
  A worm (D:2)
  2 dart slugs
  An orc (D:3)
  7 ball pythons
  9 endoplasms
  3 giant cockroaches
  3 goblins
  5 hobgoblins
  6 jackals (D:1)
  3 quokkas (D:1)
  5 frilled lizards
  3 kobolds
  4 rats
57 creatures vanquished.

Notes
Turn   | Place    | Note
-------+----------+-------------------------------------------
     0 | D:1      | safid the Merfolk Ice Elementalist began the quest for the
                  | Orb.
     0 | D:1      | Reached XP level 1. HP: 13/13 MP: 3/3
   139 | D:1      | Reached XP level 2. HP: 5/20 MP: 3/5
   225 | D:1      | Reached skill level 1 in Fighting
   618 | D:1      | Reached XP level 3. HP: 26/26 MP: 6/6
   700 | D:1      | Learned a level 3 spell: Frozen Ramparts
  1191 | D:2      | Reached skill level 5 in Ice Magic
  1422 | D:2      | Reached XP level 4. HP: 28/33 MP: 8/8
  1605 | D:2      | Learned a level 3 spell: Ozocubu's Armour
  1641 | D:3      | Found an opulent altar of Gozag.
  2160 | D:3      | Reached XP level 5. HP: 34/39 MP: 9/9
  2422 | D:3      | Found an iron altar of Okawaru.
  2451 | D:3      | Found a shadowy altar of Dithmenos.
  2452 | D:3      | Found a glowing golden altar of the Shining One.
  3090 | D:4      | Noticed Duvessa
  3091 | D:4      | Noticed Dowan
  3101 | D:4      | HP: 1/41 [Duvessa/+0 short sword (7)]
  3101 | D:4      | Killed from afar by Dowan

Illustrated notes

Levels and vault maps discovered:
D:1:      ebering_trefoil_3fold, layout_basic, minmay_bisected
D:2:      layout_loops_ring, st_stairs_5
D:3:      layout_basic, nicolae_overflow_crystal_walls, minitemple
D:4:      layout_cave_pods, nemelex_xobeh_ov_fountains_minmay,
          nicolae_sif_muna_little_library, roderic_lattice_a, uniq_duvessa

Skill      XL: |  1  2  3  4  5 |
---------------+----------------+-----
Fighting       | 1 2 3 |  3.0
Ice Magic      | 5 |  5.5
Spellcasting   | 3 |  3.3
Dodging        | |  2.6
Stealth        | |  2.1

Action                     |  1- 3 |  4- 6 || total
---------------------------+-------+-------++-------
  Melee: Dagger            |   105 |    69 ||   174
         Punch             |     1 |       ||     1
   Cast: Freeze            |     6 |     1 ||     7
         Frozen Ramparts   |     1 |     3 ||     4
   Stab: Sleeping          |     5 |     3 ||     8
 Armour: Robe              |    17 |    17 ||    34
  Dodge: Dodged            |    60 |    38 ||    98
  Block: Other             |       |     9 ||     9
